Map: Blueshift LE

Players

SpeCial

  • Race: Terran Terran
  • Spawn Location: 1:00

Astrea - Winner!

  • Race: Protoss Protoss
  • League: Grandmaster
  • Spawn Location: 7:00

Event: Cheeseadelphia 8

VOD

Have the link to the VOD?

Description

Time

  • Played on: Dec. 8, 2018, 3:29 p.m.
  • Length: 15:09

All games in this series

Show
View Real Time Build Order
Export as new Build Order

SpeCial Terran 

Build Orders: Reaper Expand 

Get SALT Encoding   

  12  0:00  SCV  
  13  0:13  SCV  
  14  0:18  Supply Depot  
  14  0:25  SCV  
  15  0:39  SCV  
  15  0:41  Barracks  
  16  0:44  Refinery  
  16  0:51  SCV  
  17  1:03  SCV  
  18  1:15  SCV  
  19  1:28  Reaper, Orbital Command  
  20  1:40  Command Center  
  20  1:47  Supply Depot  
  20  1:54  SCV  
  21  2:00  Marine  
  22  2:06  Factory  
  22  2:07  SCV  
  23  2:13  Refinery  
  23  2:19  SCV  
  23  2:22  Barracks Reactor  
  24  2:31  SCV  
  25  2:43  SCV  
  26  2:53  Orbital Command  
  26  2:54  Starport  
  26  2:56  SCV  
  26  2:58  Marine x2, Widow Mine  
  30  3:08  SCV  
  31  3:16  Marine x2  
  31  3:18  SCV  
  34  3:20  Factory Tech Lab, SCV  
  35  3:28  Supply Depot  
  35  3:30  SCV  
  35  3:32  SCV  
  35  3:34  Marine x2  
  39  3:42  Raven, SCV  
  39  3:44  SCV  
  39  3:47  Factory Tech Lab, Barracks  
  43  3:51  Bunker  
  43  3:53  Barracks  
  43  3:55  Marine x2, SCV  
  45  3:56  SCV  
  47  4:07  Supply Depot, SCV  
  47  4:08  SCV, Siege Tank  
  52  4:16  Marine x2  
  54  4:19  Refinery  
  54  4:28  SCV x2  
  54  4:29  Supply Depot  
  56  4:36  Starport Reactor  
  54  4:39  Marine x2, Engineering Bay  
  54  4:41  SCV x2  
  54  4:43  Siege Tank  
  61  4:46  Marine  
  61  4:51  Marine  
  63  4:53  SCV x2  
  63  4:57  Marine  
  66  5:05  Marine, SCV x2  
  70  5:07  Stimpack  
  70  5:10  Supply Depot  
  70  5:18  Refinery  
  70  5:20  SCV  
  70  5:25  Factory Reactor  
  70  5:32  Medivac x2, SCV  
  70  5:33  Supply Depot x2, Marine x2  
  77  5:41  Missile Turret x2  
  77  5:44  SCV  
  77  5:45  Combat Shield  
  78  5:55  Supply Depot x2, Marine x2, SCV, Marauder x2  
  78  5:56  Terran Infantry Weapons Level 1, SCV  
  86  6:02  Medivac  
  87  6:11  Medivac  
  87  6:12  Marine x2  
  87  6:16  Marauder  
  87  6:17  Supply Depot  
  97  6:18  Widow Mine x2  
  97  6:34  Marine x2  
  97  6:35  Marauder  
  97  6:38  Marauder  
  97  6:39  Supply Depot  
  103  6:42  SCV x2  
  103  6:43  Command Center  
  103  6:44  Widow Mine x2  
  109  6:54  Medivac  
  109  6:56  Medivac  
  109  6:59  Barracks x2  
  113  7:04  Supply Depot  
  113  7:05  SCV x2, Widow Mine  
  117  7:10  Marine x2  
  117  7:14  Marauder  
  120  7:17  SCV x2  
  118  7:29  SCV  
  100  7:37  Marine x3, Marauder  
  100  7:39  Widow Mine  
  100  7:43  SCV x2  
  108  7:55  SCV  
  108  7:56  Liberator  
  108  7:58  Barracks Tech Lab  
  107  8:03  Marine x3, Marauder  
  107  8:05  Liberator  
  118  8:27  SCV x2  
  118  8:31  Marine x2  
  118  8:32  Marauder  
  124  8:34  Barracks Tech Lab  
  124  8:40  Liberator  
  124  8:53  Marine x4  
  128  8:56  Marine x2  
  133  9:10  Marine  
  90  11:34  Command Center  
  26  13:07  Orbital Command  
  16  13:38  SCV  
  14  13:51  SCV  
  15  14:24  SCV  
  14  14:32  Marine  
  14  14:34  Marine x2  
  14  14:36  SCV  
  4  14:50  Marine  
Show
View Real Time Build Order
Export as new Build Order

Astrea Protoss - Winner!

Build Orders: 1 Gate Expand 

Get SALT Encoding   

  12  0:00  Probe  
  13  0:12  Probe  
  14  0:16  Pylon  
  14  0:25  Probe  
  15  0:33  Probe  
  15  0:35  Gateway  
  15  0:41  Probe  
  16  0:46  Assimilator  
  17  0:51  Probe  
  18  1:03  Probe  
  19  1:15  Probe  
  20  1:22  Nexus  
  20  1:32  Cybernetics Core  
  20  1:35  Probe  
  21  1:40  Assimilator  
  21  1:47  Probe  
  21  1:50  Pylon  
  22  1:59  Adept, Probe, Warp Gate  
  25  2:11  Probe  
  26  2:24  Adept, Probe  
  29  2:32  Robotics Facility  
  29  2:35  Probe  
  29  2:36  Probe  
  31  2:45  Sentry  
  31  2:47  Probe  
  31  2:49  Probe  
  33  2:55  Pylon  
  35  2:59  Probe  
  35  3:01  Probe  
  37  3:09  Gateway  
  37  3:10  Immortal  
  37  3:12  Gateway  
  37  3:26  Probe  
  42  3:27  Probe  
  43  3:37  Pylon  
  43  3:38  Probe  
  43  3:39  Probe  
  45  3:41  Warp Prism  
  45  3:50  Probe  
  45  3:51  Probe  
  49  4:02  Probe  
  50  4:03  Stalker, Probe  
  50  4:04  Stalker  
  50  4:06  Stalker  
  57  4:13  Pylon  
  57  4:14  Probe  
  58  4:18  Probe, Observer  
  60  4:30  Stalker  
  60  4:40  Assimilator  
  60  4:47  Stalker x2  
  64  4:57  Nexus  
  64  4:59  Probe, Forge  
  65  5:00  Forge  
  65  5:05  Twilight Council  
  65  5:06  Probe  
  66  5:11  Probe  
  67  5:14  Protoss Ground Weapons Level 1, Protoss Ground Armor Level 1  
  67  5:18  Probe, Pylon  
  68  5:23  Charge, Probe  
  68  5:26  Pylon  
  69  5:30  Probe  
  70  5:36  Probe  
  70  5:38  Gateway x2  
  70  5:40  Observer  
  71  5:44  Observer  
  71  5:49  Gateway  
  71  5:50  Zealot  
  71  5:52  Observer  
  71  5:54  Zealot x2  
  71  5:55  Probe  
  71  5:56  Probe  
  79  6:04  Pylon  
  79  6:12  Gateway  
  79  6:13  Observer  
  79  6:14  Gateway, Probe  
  79  6:15  Probe x2  
  79  6:18  Zealot  
  84  6:22  Observer  
  84  6:27  Zealot x2  
  84  6:30  Probe x3  
  91  6:41  Immortal  
  91  6:43  Pylon  
  95  6:48  Zealot x5  
  105  6:58  Blink  
  105  7:00  Zealot  
  104  7:17  Zealot x6  
  104  7:21  Protoss Ground Armor Level 2  
  114  7:28  Protoss Ground Weapons Level 2  
  100  7:37  Zealot x8  
  112  7:54  Probe x3  
  115  8:01  Warp Prism  
  115  8:04  Observer  
  115  8:06  Probe x2  
  117  8:21  Pylon  
  117  8:22  Pylon  
  117  8:35  Probe  
  117  8:39  Probe x2  
  119  8:42  Stalker x7  
  133  8:50  Pylon x2  
  133  9:03  Pylon  
  130  9:21  Zealot x6  
  130  9:22  Zealot x2  
  128  9:59  Zealot x3  
  113  10:00  Zealot x3  
  113  10:01  Zealot  
  112  11:28  Assimilator  
Tags
 
Add a new tag
Caveats
  • Supply blocks, unpowered buildings, or Contaminate may cause inaccurate times.
  • Supply counts are checked every 10 seconds.